 Dungeon Sprint DCSS version 0.30.1-9-gdf580d7c3d (webtiles) character file.

Game seed: 3203274090108722447

2797 boopmooplesden the Fencer (level 9, -24/97 HPs)
             Began as a Minotaur Berserker on Sept 27, 2023.
             Was a High Priest of Trog.
             Annihilated by a two-headed ogre
             ... wielding a +0 giant spiked club
              (26 damage)
             ... in the Dungeon (Sprint IX: "|||||||||||||||||||||||||||||").
             The game lasted 00:01:05 (629 turns).

boopmooplesden the Fencer (Minotaur Berserker)       Turns: 629, Time: 00:01:06

Health: -24/97     AC: 13    Str: 25    XL:     9   Next: 43%
Magic:  8/8        EV: 15    Int:  4    God:    Trog [*****.]
Gold:   0          SH:  0    Dex: 14    Spells: 8/8 levels left

rFire   . . .        k - +2 scimitar (holy)
rCold   . . .        (no shield)
rNeg    . . .        m - +1 scale mail
rPois   .            (helmet restricted)
rElec   .            l - +0 cloak
rCorr   .            (no gloves)
SInv    .            (no boots)
Will    .....        (no amulet) Stlth
                     o - +3 ring of strength
HPRegen 0.36/turn    n - +2 ring of protection
MPRegen 0.11/turn

%: no teleportation
@: on berserk cooldown, slowed, very slow
A: horns 2, retaliatory headbutt
a: Renounce Religion, Berserk, Trog's Hand, Brothers in Arms


You were in the Dungeon.
You worshipped Trog.
Trog was extremely pleased with you.
You visited 1 branch

Inventory:

Hand Weapons
 a - a +0 falchion
 k - a +2 scimitar of holy wrath (weapon)
Armour
 b - a +0 animal skin
 l - a +0 cloak (worn)
 m - a +1 scale mail (worn)
Jewellery
 n - a +2 ring of protection (right hand)
 o - a +3 ring of strength (left hand)
Wands
 j - a wand of acid (10)
Scrolls
 h - 2 scrolls of blinking
Potions
 c - 5 potions of curing
 d - 3 potions of heal wounds
 e - a potion of haste
 f - 4 potions of magic
 g - a potion of berserk rage
 i - a potion of invisibility


   Skills:
 + Level 15.3 Fighting
 + Level 15.7 Long Blades
 + Level 10.3 Armour
 + Level 10.4 Dodging
 + Level 0.5 Stealth


You had 8 spell levels left.
You didn't know any spells.
Your spell library was empty.

Dungeon Overview and Level Annotations

Branches:
Dungeon (1/1)

Altars:
Cheibriados
Dithmenos
Elyvilon
Fedhas
Gozag
Hepliaklqana
Kikubaaqudgha
Makhleb
Nemelex Xobeh
Okawaru
Qazlal
Ru
Sif Muna
Trog
Uskayaw
Vehumet
Wu Jian
Xom
Yredelemnul
Zin
The Shining One
Jiyva
Lugonu


Innate Abilities, Weirdness & Mutations

You have a pair of horns on your head.
You reflexively headbutt those who attack you in melee.


Message History

* * * LOW HITPOINT WARNING * * *
Things that are here:
a +0 dire flail; a +0 leather armour; a tengu corpse You slice the troll!!
The troll is severely wounded.
The troll bites you but does no damage. The troll claws you but does no damage.
The troll barely misses you.
You barely miss the troll. You headbutt the troll!
You kill the troll!
Trog accepts your kill.
Your Dodging skill increases to level 10!
You slash the manticore!
The manticore is lightly wounded.
You slash the manticore! You headbutt the manticore.
The manticore is heavily wounded.
The manticore bites you but does no damage.
The manticore claws you but does no damage. x2
You closely miss the manticore. Your headbutt misses the manticore.
The manticore is heavily wounded.
You are no longer berserk.
You are exhausted.
You feel yourself slow down.
You slice the manticore!!
You kill the manticore!
Trog accepts your kill.
Your Fighting skill increases to level 15!
Your Armour skill increases to level 10!
You hit the two-headed ogre but do no damage.
The two-headed ogre hits you with a +0 giant spiked club!!
* * * LOW HITPOINT WARNING * * *
The two-headed ogre closely misses you.
You slash the two-headed ogre!
The two-headed ogre is moderately wounded.
The two-headed ogre closely misses you. x2
You slash the two-headed ogre!
The two-headed ogre is heavily wounded.
You slice the two-headed ogre!!
The two-headed ogre is almost dead.
The two-headed ogre hits you with a +0 giant spiked club!!
You die... ▓▓▓▓▓▓▓▓▓▓▓▓▓▓▓▓▓▓▓▓▓▓▓ +....O@)....)[)...[..)? ▓▓▓▓▓▓▓▓▓▓▓▓▓▓▓▓▓▓▓▓▓▓▓

You could see a two-headed ogre.

Vanquished Creatures
  A hydra (D)
  A tengu warrior (D)
  A manticore (D)
  A kobold demonologist (D)
  A troll (shapeshifter) (D)
  A troll (D)
  A yak (D)
  A vampire mosquito (D)
  A phantom (D)
  A scorpion (D)
  2 howler monkeys (D)
  A jelly (D)
  A sleepcap (D)
  An orc wizard (D)
  An adder (D)
  2 dart slugs (D)
  2 ball pythons (D)
  A kobold (D)
21 creatures vanquished.

Notes
Turn   | Place    | Note
-------+----------+-------------------------------------------
     0 | D        | boopmooplesden the Minotaur Berserker began the quest for
                  | the Orb.
     0 | D        | Reached XP level 1. HP: 19/19 MP: 0/0
     8 | D        | Reached ** piety under Trog
    12 | D        | Reached XP level 2. HP: 25/28 MP: 1/1
    54 | D        | Noticed a scorpion
    54 | D        | Noticed a phantom
    62 | D        | Killed a phantom
    63 | D        | Reached XP level 3. HP: 34/39 MP: 2/2
    63 | D        | Reached XP level 4. HP: 42/47 MP: 3/3
    69 | D        | Killed a scorpion
    69 | D        | Reached *** piety under Trog
    70 | D        | Reached XP level 5. HP: 28/53 MP: 4/4
    75 | D        | Reached skill level 5 in Dodging
    77 | D        | Reached skill level 5 in Armour
    83 | D        | Found a snail-covered altar of Cheibriados.
    83 | D        | Found a shadowy altar of Dithmenos.
    83 | D        | Found a white marble altar of Elyvilon.
    83 | D        | Found a blossoming altar of Fedhas.
    83 | D        | Found an opulent altar of Gozag.
    84 | D        | Found a hazy altar of Hepliaklqana.
    85 | D        | Found a viscous altar of Jiyva.
    86 | D        | Found an ancient bone altar of Kikubaaqudgha.
    87 | D        | Found a corrupted altar of Lugonu.
    88 | D        | Found a burning altar of Makhleb.
    89 | D        | Found a sparkling altar of Nemelex Xobeh.
    90 | D        | Found an iron altar of Okawaru.
    91 | D        | Found a stormy altar of Qazlal.
    92 | D        | Found a sacrificial altar of Ru.
    93 | D        | Found a shimmering blue altar of Sif Muna.
    94 | D        | Found a bloodstained altar of Trog.
    95 | D        | Found a hide-covered altar of Uskayaw.
    96 | D        | Found a radiant altar of Vehumet.
    97 | D        | Found an ornate altar of the Wu Jian Council.
    98 | D        | Found a shimmering altar of Xom.
    99 | D        | Found a basalt altar of Yredelemnul.
   100 | D        | Found a glowing silver altar of Zin.
   101 | D        | Found a glowing golden altar of the Shining One.
   307 | D        | Noticed a yak
   307 | D        | Noticed a kobold demonologist
   307 | D        | Noticed a troll
   310 | D        | Reached **** piety under Trog
   313 | D        | Reached skill level 10 in Fighting
   313 | D        | Reached skill level 10 in Long Blades
   313 | D        | Reached XP level 6. HP: 66/66 MP: 5/5
   313 | D        | Noticed a red devil
   318 | D        | Noticed an ice devil
   328 | D        | Killed a troll
   333 | D        | Noticed a neqoxec
   343 | D        | Killed a kobold demonologist
   343 | D        | Reached ***** piety under Trog
   344 | D        | Reached XP level 7. HP: 26/77 MP: 6/6
   350 | D        | Killed a yak
   600 | D        | Noticed a two-headed ogre
   600 | D        | Noticed a manticore
   600 | D        | Noticed a troll
   600 | D        | Noticed a six-headed hydra
   600 | D        | Noticed a tengu warrior
   600 | D        | Noticed a vampire mosquito
   602 | D        | Killed a vampire mosquito
   603 | D        | Reached XP level 8. HP: 85/85 MP: 7/7
   610 | D        | Killed a tengu warrior
   610 | D        | Received a gift from Trog
   618 | D        | Killed a 13-headed hydra
   619 | D        | Reached skill level 15 in Long Blades
   619 | D        | Reached XP level 9. HP: 31/96 MP: 8/8
   621 | D        | Killed a troll
   622 | D        | Reached skill level 10 in Dodging
   625 | D        | Killed a manticore
   626 | D        | Reached skill level 15 in Fighting
   626 | D        | Reached skill level 10 in Armour
   626 | D        | HP: 1/97 [two-headed ogre/+0 giant spiked club (21)]
   629 | D        | Annihilated by a two-headed ogre

Illustrated notes

Levels and vault maps discovered:
D:        linesprint [early_d, line_temple, items_1, d_10, items_2, lair_1,
          lair_end, items_3, orc_1, orc_end, items_4, d_15, swamp_1, shoals_1,
          snake_1, spider_1, d_20, vaults_1, items_5, swamp_end, shoals_end,
          snake_end, spider_end, vaults_end, d_27, items_6, zot_1, zot_end,
          crypt_end, forest_end, elf_end, slime_end, tomb_end, abyss_end,
          pan_hell_end]

Skill      XL: |  1  2  3  4  5  6  7  8  9 |
---------------+----------------------------+-----
Fighting       | 4 7 8 10 12 14 15 | 15.3
Long Blades    | 4 7 8 10 12 13 15 | 15.7
Armour         | 4 5 7 8 9 10 | 10.3
Dodging        | 3 4 5 7 9 10 | 10.4
Stealth        | |  0.5

Action                     |  1- 3 |  4- 6 |  7- 9 || total
---------------------------+-------+-------+-------++-------
  Melee: Falchion          |    20 |    14 |       ||    34
         Headbutt          |     4 |     7 |     9 ||    20
         Scimitar          |       |    33 |    33 ||    66
         Punch             |       |     1 |       ||     1
 Invoke: Berserk           |     1 |     1 |     1 ||     3
 Armour: Animal skin       |     2 |       |       ||     2
         Scale mail        |       |    11 |    27 ||    38
  Dodge: Dodged            |     6 |    11 |    26 ||    43
